AoeStats
← BLEEKBRAX

Runestones

507364548Analyzed
1v1 RM · 15d ago on Sep 17, 2026· 51m 16s· 2 players
Game mode
Random Map
Map size
Tiny (2 player)
Population
200
Speed
Normal
Resources
Standard
Victory
Conquest
Starting age
Dark Age
Ending age
Imperial Age
RankedLock teamsTeams togetherTeam positionsShared explorationLock speedFull tech treeHidden civsTurbo modeCheats
Victory
Defeat
🇺🇸 Wei · United States
915
+17
🇩🇪 Teutons · Germany
927
-39
BLEEKBRAX
6:06 Loom
9:44 Feudal Age
10:18 Double-Bit Axe
10:16 Horse Collar
15:44 Gold Mining
16:19 Forging
20:48 Castle Age
19:13 Stone Mining
20:57 Bloodlines
23:20 Heavy Plow
25:19 Wheelbarrow
26:41 Scale Barding Armor
27:22 Husbandry
27:56 Bow Saw
29:41 Chain Barding Armor
32:04 Gold Shaft Mining
32:47 Town Watch
34:17 Ballistics
38:43 Imperial Age
37:06 Scale Mail Armor
37:30 Fletching
39:22 Town Patrol
40:49 Iron Casting
40:59 Heavy Hei Guang Cavalry
44:46 Blast Furnace
44:21 Hand Cart
45:59 Bodkin Arrow
46:53 Conscription
46:36 Tuntian
47:29 Stone Shaft Mining
46:50 Heavy Scorpion
48:38 Chemistry
47:49 Masonry
49:05 Pikeman
Trash
11:01 Feudal Age
9:25 Loom
12:52 Wheelbarrow
12:16 Double-Bit Axe
13:44 Horse Collar
14:05 Gold Mining
27:04 Town Watch
29:21 Castle Age
29:52 Pikeman
30:34 Squires
30:22 Arson
34:12 Hand Cart
35:27 Scale Mail Armor
35:32 Scale Barding Armor
40:02 Chain Mail Armor
41:46 Man-at-Arms
42:16 Gambesons
Connection lost

Rejoining the realm…

Still unreachable

The connection could not be restored.

Session expired

The server has moved on; the page needs a fresh start.